 Dungeon Crawl Stone Soup version 0.19-a0 (webtiles) character file.

63 varam the Twirler (level 4, 28/28 HPs)
             Began as a Gargoyle Gladiator on Apr 27, 2016.
             Quit the game on level 1 of the Dungeon.
             The game lasted 00:03:04 (1434 turns).

varam the Twirler (Gargoyle Gladiator)              Turns: 1434, Time: 00:03:05

Health: 28/28      AC: 10    Str: 19    XL:     4   Next: 10%
Magic:  4/4        EV: 12    Int:  9    God:
Gold:   60         SH:  0    Dex: 10    Spells: 0 memorised, 3 levels left

rFire  . . .     SeeInvis .     h - -1 short sword (curse)
rCold  . . .     Gourm    .     b - +0 leather armour
rNeg   + . .     Faith    .     (no shield)
rPois  ∞         Spirit   .     c - +0 helmet
rElec  +         Dismiss  .     (no cloak)
rCorr  .         Reflect  .     o - +2 pair of gloves
SustAt .         Harm     .     (no boots)
MR     .....     Rnd*Tele +     (no amulet)
Stlth  ++........               l - ring of teleportation (curse)
                                j - ring of stealth

@: not resistant to hostile enchantments, unstealthy
A: negative energy resistance 1, electricity resistance, unbreathing,
petrification resistance, rot immunity, AC +3
a: no special abilities


You were on level 1 of the Dungeon.
You were not hungry.

You visited 1 branch of the dungeon, and saw 2 of its levels.

You collected 60 gold pieces.

Inventory:

Hand Weapons
 a - a +0 quarterstaff
 h - a cursed -1 short sword (weapon)
Missiles
 d - 3 throwing nets (quivered)
Armour
 b - a +0 leather armour (worn)
 c - a +0 helmet (worn)
 g - a +0 pair of gloves
 o - a +2 pair of gloves (worn)
Jewellery
 j - a ring of stealth (left hand)
 l - a cursed ring of teleportation (right hand)
 p - an uncursed ring of protection from cold {unknown}
 r - a +1 ring of evasion {unknown}
Scrolls
 e - a scroll of magic mapping {unknown}
 m - a scroll of recharging {unknown}
 n - a scroll of fog {unknown}
Potions
 k - a potion of heal wounds {unknown}
 s - a potion of curing {unknown}
Comestibles
 f - a bread ration
 i - a fruit
 q - a meat ration


   Skills:
 + Level 3.2 Fighting
 + Level 3.8 Staves
 - Level 1.7 Throwing
 + Level 1.6 Armour
 - Level 2.4 Dodging


You had 3 spell levels left.
You didn't know any spells.

Dungeon Overview and Level Annotations

Branches:
Dungeon (2/15)

Altars:


Innate Abilities, Weirdness & Mutations

You are resistant to torment.
Your stone body is resilient (AC +3).
You are immune to poison.
You resist negative energy.
You are resistant to electric shocks.
You can survive without breathing.
You are immune to petrification.
You are immune to rotting.


Message History

You are too injured to fight recklessly!
You are too injured to fight recklessly!
You are too injured to fight recklessly!
You are too injured to fight recklessly!
You are too injured to fight recklessly!
You barely miss the goblin. The goblin hits you but does no damage.
You hit the goblin.
The goblin is heavily wounded.
The goblin hits you but does no damage.
You puncture the goblin!
You kill the goblin!
Things that are here:
a club; a goblin corpse You start resting.
You are feeling hungry.
You start resting.
HP restored.
Eat which item? (? for menu, Esc to quit)
That orange was delicious!
Even the peel tasted good!
Are you sure you want to abandon this character and quit the game? (Confirm with "yes".)

#.#...###...#### #.............
#.'...#†#.<.# #.............
###...###...# ######.########..
#...[.....# #................
########### #...............#
###############.......[.......#
#..............................
#..............................
#.............@................
#..............................
#..................)..........#
#..........#.#.#.#............#
#..................###.........
#..........#.#.#.#.............
#.................####.########
#..........#.#.#.## #.#
#............)....# #.#


There were no monsters in sight!

Vanquished Creatures
  2 adders (D:2)
  A worm (D:2)
  A dart slug (D:1)
  2 giant geckos
  4 bats
  2 giant cockroaches (D:2)
  8 goblins
  2 hobgoblins (D:1)
  4 jackals (D:1)
  2 giant newts
  8 kobolds
  A rat (D:2)
37 creatures vanquished.

Notes
Turn   | Place    | Note
--------------------------------------------------------------
     0 | D:1      | varam the Gargoyle Gladiator began the quest for the Orb.
     0 | D:1      | Reached XP level 1. HP: 12/12 MP: 1/1
   109 | D:1      | Reached XP level 2. HP: 17/18 MP: 2/2
   320 | D:1      | Reached skill level 1 in Armour
   326 | D:1      | Reached XP level 3. HP: 18/22 MP: 3/3
   893 | D:2      | Reached XP level 4. HP: 6/28 MP: 4/4
  1434 | D:1      | Quit the game

Vault maps used:
D:1:      nicolae_arrival_memento_mori, st_stairs_8, due_unseen_surprise
D:2:      minmay_misc_feat_roman, corexii_leaking_fountain

Skill      XL: |  1  2  3 |
---------------+----------+-----
Armour         | 1 |  1.6
Fighting       | 3 |  3.2
Staves         | |  3.8
Throwing       | |  1.7
Dodging        | |  2.4

Action                   |  1- 3 |  4- 6 || total
-------------------------+-------+-------++-------
Melee: Quarterstaff      |    56 |       ||    56
       Short sword       |    70 |    14 ||    84
 Stab: Sleeping          |     2 |       ||     2
  Eat: Fruit             |       |     1 ||     1
       Chunk             |       |     1 ||     1
Armor: Leather armour    |    46 |     6 ||    52
Dodge: Dodged            |    93 |     6 ||    99
